 Dungeon Crawl Stone Soup version 0.23.1 (webtiles) character file.

Game seed: 11324080690428761771

497 FunkyPutin the Cudgeler (level 7, -13/43 HPs)
             Began as a Gargoyle Fighter on Mar 7, 2019.
             Killed by divine providence
             ... invoked by an orc priest
              (15 damage)
             ... on level 5 of the Dungeon.
             The game lasted 00:08:51 (3056 turns).

FunkyPutin the Cudgeler (Gargoyle Fighter)          Turns: 3056, Time: 00:08:52

Health: -13/43     AC: 13    Str: 27    XL:     7   Next: 15%
Magic:  7/7        EV:  8    Int:  8    God:
Gold:   184        SH: 12    Dex:  9    Spells: 6/6 levels left

rFire    . . .     SeeInvis .   a - +0 flail
rCold    . . .     Gourm    .   c - +2 shield
rNeg     + . .     Faith    .   b - +0 scale mail
rPois    ∞         Spirit   .   (no helmet)
rElec    +         Reflect  .   (no cloak)
rCorr    .         Harm     .   o - +0 pair of gloves
MR       .....                  (no boots)
Stlth    ..........             (no amulet)
HPRegen  0.14/turn              s - ring of wizardry
MPRegen  0.10/turn              (no ring)

@: mighty
A: negative energy resistance 1, electricity resistance, unbreathing,
petrification resistance, rot immunity, AC +4
a: no special abilities


You were on level 5 of the Dungeon.
You were hungry.

You visited 2 branches of the dungeon, and saw 7 of its levels.

You collected 184 gold pieces.

Inventory:

Hand Weapons
 a - a +0 flail (weapon)
Armour
 b - a +0 scale mail (worn)
 c - a +2 shield (worn)
 o - a +0 pair of gloves (worn)
Jewellery
 s - a ring of wizardry (left hand)
Wands
 r - a wand of polymorph (8)
Scrolls
 g - 4 scrolls of teleportation
 j - a scroll of magic mapping {unknown}
 k - a scroll of blinking
Potions
 e - 2 potions of lignification
 h - a potion of resistance
 i - a potion of flight {unknown}
 l - a potion of curing
 m - a potion of heal wounds {unknown}
 n - a potion of haste {unknown}
 p - a potion of degeneration {unknown}
 q - a potion of invisibility {unknown}
Comestibles
 f - 8 rations


   Skills:
 + Level 4.1 Fighting
 * Level 5.3 Maces & Flails
 + Level 4.2 Armour
 - Level 1.0 Dodging
 + Level 5.1 Shields


You had 6 spell levels left.
You didn't know any spells.
Your spell library was empty.

Dungeon Overview and Level Annotations

Branches:
Dungeon (6/15)             Temple (1/1) D:4

Altars:
Ashenzari
Cheibriados
Dithmenos
Fedhas
Gozag
Hepliaklqana
Kikubaaqudgha
Makhleb
Nemelex Xobeh
Okawaru
Qazlal
Ru
Sif Muna
Uskayaw
Vehumet
Wu Jian
Xom


Innate Abilities, Weirdness & Mutations

You are resistant to torment.
Your stone body is resilient. (AC +4)
You are immune to poison.
You resist negative energy. (rN+)
You are resistant to electric shocks. (rElec)
You can survive without breathing.
You are immune to petrification.
You are immune to rotting.


Message History

The orc wizard gestures wildly while chanting.
The orc wizard blinks!
The orc priest hits you but does no damage.
You closely miss the orc priest.
The orc priest is lightly wounded.
The orc priest completely misses you.
Your shield and scale mail prevent you from hitting the orc priest.
The orc priest is lightly wounded.
The orc priest mumbles some strange prayers to Beogh against you.
Beogh smites you!
* * * LOW HITPOINT WARNING * * *
You barely miss the orc priest.
The orc priest is lightly wounded.
The orc priest calls down the wrath of Beogh upon you.
You struggle to resist.
You completely miss the orc priest.
The orc priest is lightly wounded.
The orc priest invokes the aid of Beogh against you.
Beogh smites you!
You die...

...#
##.####################
#..................[...
#..####################
#..#. ..# ####..#. #.#
#.....#. #.#
#.##.##o###.######## #
#>..oo@....(....#
########.######.#
########.# #.....#.#
#.♣.♣.#.# #.._..'.##
#.♣.♣.#..# #.....##.#
########.#


You could see an orc priest, an orc wizard and an orc.

Vanquished Creatures
  A phantom (D:5)
  A scorpion (D:4)
  A hound (D:6)
  A jelly (D:6)
  An orc wizard (D:5)
  An orc priest (D:4)
  Jessica (D:2)
  A worker ant (D:4)
  A howler monkey zombie (D:5)
  5 adders
  3 oozes
  3 dart slugs
  4 leopard geckos
  12 orcs
  4 ball pythons
  6 bats
  3 giant cockroaches
  11 goblins
  8 hobgoblins
  7 jackals (D:1)
  A quokka (D:2)
  5 frilled lizards
  8 kobolds
  A leopard gecko zombie (D:5)
  11 rats
101 creatures vanquished.

Notes
Turn   | Place    | Note
-------+----------+-------------------------------------------
     0 | D:1      | FunkyPutin the Gargoyle Fighter began the quest for the
                  | Orb.
     0 | D:1      | Reached XP level 1. HP: 14/14 MP: 1/1
   100 | D:1      | Reached XP level 2. HP: 12/19 MP: 2/2
   351 | D:1      | Reached XP level 3. HP: 21/23 MP: 3/3
   728 | D:2      | Noticed Jessica
   743 | D:2      | Killed Jessica
   743 | D:2      | Reached XP level 4. HP: 22/29 MP: 4/4
  1025 | D:2      | Reached skill level 1 in Dodging
  1219 | D:2      | Found a sacrificial altar of Ru.
  1507 | D:3      | Reached XP level 5. HP: 30/33 MP: 5/5
  1878 | D:3      | Found a faded altar of an unknown god.
  2028 | D:4      | Found a staircase to the Ecumenical Temple.
  2035 | Temple   | Entered the Ecumenical Temple
  2486 | D:4      | Reached XP level 6. HP: 38/38 MP: 6/6
  2724 | D:4      | You fall through a shaft for 2 floors!
  2724 | D:6      | Found a shattered altar of Ashenzari.
  2750 | D:5      | Entered Level 5 of the Dungeon
  2826 | D:5      | Found the +8 autumn katana {slice, Clar}
  2891 | D:5      | Reached skill level 5 in Shields
  2913 | D:5      | Reached skill level 5 in Maces & Flails
  2966 | D:5      | Found an iron altar of Okawaru.
  2966 | D:5      | Noticed a phantom
  3004 | D:5      | Killed a phantom
  3004 | D:5      | Reached XP level 7. HP: 43/43 MP: 7/7
  3054 | D:5      | HP: 2/43 [orc priest/divine providence (11)]
  3056 | D:5      | Killed from afar by an orc priest

Skill      XL: |  1  2  3  4  5  6 |
---------------+-------------------+-----
Dodging        | 1 |  1.0
Shields        | 4 5 |  5.1
Maces & Flails | 3 4 5 |  5.3
Fighting       | 4 |  4.1
Armour         | 4 |  4.2

Action                   |  1- 3 |  4- 6 |  7- 9 || total
-------------------------+-------+-------+-------++-------
Melee: Flail             |   151 |   319 |    21 ||   491
  Use: Scroll            |     5 |     7 |       ||    12
       Potion            |       |       |     2 ||     2
  Eat: Chunk             |       |     4 |       ||     4
       Ration            |       |     1 |       ||     1
Armor: Scale mail        |   118 |   151 |     2 ||   271
Dodge: Dodged            |    68 |    83 |     8 ||   159
Block: Shield            |   115 |   221 |    14 ||   350
